 Dungeon Crawl Stone Soup version 0.23.2-40-g277498a001 (webtiles) character file.

Game seed: 5127691996162139792

45 Descartes the Skirmisher (level 3, -2/30 HPs)
             Began as a Formicid Abyssal Knight on Oct 12, 2019.
             Was a Believer of Lugonu.
             Slain by a worm (8 damage)
             ... on level 2 of the Dungeon.
             The game lasted 00:03:50 (1182 turns).

Descartes the Skirmisher (Formicid Abyssal Knight)  Turns: 1182, Time: 00:03:50

Health: -2/30      AC:  8    Str: 16    XL:     3   Next: 90%
Magic:  4/4        EV:  7    Int: 12    God:    Lugonu [**....]
Gold:   65         SH:  0    Dex: 10    Spells: 2/2 levels left

rFire    . . .     SeeInvis +   a - +1 hand axe
rCold    . . .     Gourm    .   (no shield)
rNeg     . . .     Faith    .   f - +0 chain mail
rPois    .         Spirit   .   (helmet unavailable)
rElec    .         Reflect  .   (no cloak)
rCorr    .         Harm     .   (no gloves)
MR       .....                  (no boots)
Stlth    ..........             (no amulet)
HPRegen  0.10/turn              (no ring)
MPRegen  0.09/turn              (no ring)

@: very slow
A: permanent stasis, dig shafts and tunnels, four strong arms, antennae 3
a: Dig, Shaft Self, Depart the Abyss, Bend Space, Renounce Religion


You were on level 2 of the Dungeon.
You worshipped Lugonu.
Lugonu was pleased with you.
You were not hungry.

You visited 1 branch of the dungeon, and saw 2 of its levels.
You visited the Abyss 1 time.

You collected 65 gold pieces.

Inventory:

Hand Weapons
 a - a +1 hand axe (weapon)
Missiles
 g - 42 stones (quivered)
 l - 24 arrows
Armour
 b - a +0 leather armour
 f - a +0 chain mail (worn)
Scrolls
 j - a scroll of teleportation {unknown}
Potions
 d - a potion of brilliance {unknown}
 e - 3 potions of berserk rage {unknown}
 h - a potion of degeneration {unknown}
 i - a potion of curing {unknown}
 m - a potion of flight {unknown}
Comestibles
 c - 3 rations
 k - 7 chunks of flesh


   Skills:
 + Level 4.0 Fighting
 + Level 2.5 Axes
 + Level 2.6 Armour
 + Level 1.1 Dodging
 + Level 2.5 Invocations


You had 2 spell levels left.
You didn't know any spells.
Your spell library was empty.

Dungeon Overview and Level Annotations

Branches:
Dungeon (2/15)

Altars:


Innate Abilities, Weirdness & Mutations

You cannot be hasted, slowed, berserked, paralysed or teleported.
You can dig through walls and to a lower floor.
Your four strong arms can wield two-handed weapons with a shield.
You have a pair of large antennae on your head. (SInv)


Message History

The worm is severely wounded.
The worm bites you!
You are too injured to fight recklessly!
You are too injured to fight recklessly!
You are too injured to fight recklessly!
You are too injured to fight recklessly!
You hit the worm.
The worm is almost dead.
Your chain mail prevents you from hitting the worm.
The worm is almost dead.
The worm bites you!
* * * LOW HITPOINT WARNING * * *
You hit the worm but do no damage.
The worm is almost dead.
The worm bites you but does no damage.
Your chain mail prevents you from hitting the worm.
The worm is severely wounded.
Your unstable footing causes you to fumble your attack.
The worm bites you!
You die...

# ##..≈...≈...≈..#
##..≈.≈.≈.≈.≈.≈..##
####..≈...≈.#.≈...≈..##
..#..≈.≈.≈.≈.≈.≈.≈.≈..#
#.#.≈...≈...≈...≈...≈.##
#.'..≈.≈.≈.≈.≈.≈.≈.≈..'.
#.'...≈.#.≈.#.≈.#.≈...'.
#.'..≈.≈.≈.≈.†.≈.≈.≈..'.
..#.≈...≈...≈...@...≈.#
###.†≈.≈.≈.≈.≈.≈.w.≈..#
##.)≈...≈.#.≈...≈..##
##.?≈.≈.≈.≈.≈.≈..##
##..≈...≈...≈..##
##..≈.≈.≈.≈?.##
##..≈...≈..##
##.......## #####


You could see a worm.

Vanquished Creatures
  2 oozes (D:1)
  A dart slug (D:2)
  2 leopard geckos (D:2)
  A ball python (D:1)
  A giant cockroach (D:2)
  3 goblins
  4 hobgoblins
  4 kobolds
  5 bats
  2 frilled lizards
  6 rats
31 creatures vanquished.

Notes
Turn   | Place    | Note
-------+----------+-------------------------------------------
     0 | Abyss:1  | Descartes the Formicid Abyssal Knight began the quest for
                  | the Orb.
     0 | Abyss:1  | Reached XP level 1. HP: 18/18 MP: 2/2
    41 | D:1      | Escaped the Abyss
   246 | D:1      | Reached XP level 2. HP: 25/25 MP: 3/3
   423 | D:1      | Reached XP level 3. HP: 30/30 MP: 4/4
   600 | D:1      | Reached skill level 1 in Dodging
   951 | D:2      | Reached skill level 4 in Fighting
  1146 | D:2      | Reached ** piety under Lugonu
  1182 | D:2      | Slain by a worm

Skill      XL: |  1  2  3 |
---------------+----------+-----
Dodging        | 1 |  1.1
Fighting       | 4 |  4.0
Axes           | |  2.5
Armour         | |  2.6
Invocations    | |  2.5

Action                   || total
-------------------------++-------
Melee: Hand axe          ||    96
  Eat: Chunk             ||     1
Armor: Leather armour    ||    15
       Chain mail        ||    37
Dodge: Dodged            ||    51
